[Event "*** Titled Tuesday Blitz"]
[Site "Chess.com"]
[Date "2021.03.09"]
[Round "1"]
[White "rachidhuilda"]
[Black "Sanyura"]
[Result "0-1"]
[WhiteElo "2308"]
[BlackElo "2608"]
[TimeControl "180+1"]
[EndTime "10:06:27 PST"]
[Termination "Sanyura won on time"]

1. d4 Nf6 2. Bg5 Ne4 3. Bf4 c5 4. f3 Qa5+ 5. c3 Nf6 6. Nd2 cxd4 7. Nb3 Qd8 8. cxd4 d5 9. e3 Nc6 10. Bd3 g6 11. Ne2 Bg7 12. O-O O-O 13. a3 h6 14. Rc1 Nh5 15. Kh1 Nxf4 16. Nxf4 e5 17. dxe5 Nxe5 18. Nd4 Qb6 19. b4 Rd8 20. Qe2 Nc6 21.
Nb3 d4 22. e4 Ne5 23. Nd5 Qd6 24. Nxd4 a6 25. Nb3 Be6 26. Nc5 Bxd5 27. exd5 Nxd3 28. Qxd3 b6 29. Nxa6 Ra7 30. b5 Qxd5 31. Qxd5 Rxd5 32.
Rfd1 Rxb5 33. Nc7 Rc5 34. Rxc5 bxc5 35. Rd8+ Kh7 36. Nb5 Ra5 37. Nd6 Rxa3 38. g4 Rxf3 39. Rd7 Rd3 0-1

[Event "*** Titled Tuesday Blitz"]
[Site "Chess.com"]
[Date "2021.03.09"]
[Round "1"]
[White "Skatchkov_V"]
[Black "03revilo"]
[Result "1-0"]
[WhiteElo "2625"]
[BlackElo "2321"]
[TimeControl "180+1"]
[EndTime "10:06:28 PST"]
[Termination "Skatchkov_V won on time"]

1. d4 d5 2. c4 e6 3. Nf3 Nf6 4. Nc3 Be7 5. Bf4 O-O 6. e3 Nbd7 7. c5 c6 8. Bd3 b6 9. b4 a5 10. b5 bxc5 11. bxc6 Nb6 12. c7 Qe8 13. Bb5 Bd7 14. a4 cxd4 15. exd4 Bb4 16. Bd2 Rc8 17. Bxd7 Qxd7 18.
Nb5 Bxd2+ 19. Qxd2 Nc4 20. Qc2 Ne8 21. Ne5 Nxe5 22.
dxe5 Nxc7 23. Nd6 Rb8 24. O-O Na6 25. Ra3 f6 26. Rh3 g6 27. Qe2 Nb4 28. Nb5 Nc6 29. exf6 Rxf6 30. Rc1 Rbf8 31. Rhc3 Rxf2 32. Qxf2 Rxf2 33.
Kxf2 Qf7+ 34. Kg1 Ne5 35. Rc8+ Kg7 36. R8c7 1-0

[Event "*** Titled Tuesday Blitz"]
[Site "Chess.com"]
[Date "2021.03.09"]
[Round "1"]
[White "Chesswizard_2007"]
[Black "CakeinSpace2002"]
[Result "1/2-1/2"]
[WhiteElo "2703"]
[BlackElo "2399"]
[TimeControl "180+1"]
[EndTime "10:06:29 PST"]
[Termination "Game drawn by agreement"]

1. e4 d5 2. exd5 Qxd5 3. Nc3 Qd8 4.
Nf3 Bg4 5. Bc4 e6 6. O-O Nf6 7.
h3 Bh5 8. d4 c6 9. Bg5 Be7 10. Qe2 Nbd7 11. Rad1 O-O 12. a3 Nd5 13. Bxe7 Nxc3 14. Bxd8 Nxe2+ 15. Bxe2 Rfxd8 16. g4 Bg6 17. Bd3 Bxd3 18. Rxd3 Nf6 19. Rfd1 Kf8 20. Ne5 Nd7 21. f4 Nxe5 22. dxe5 Rxd3 23. Rxd3 Ke7 24. Kf2 Rd8 25.
Rxd8 Kxd8 26. Ke3 Ke7 27. b4 b6 28. Kd4 Kd7 29. a4 Kc7 30. h4 g6 31. h5 Kd7 32.
h6 Ke7 33. Ke4 Kd7 34. c3 Ke7 35. Kf3 f6 36. exf6+ Kxf6 37. Ke4 g5 1/2-1/2

[Event "*** Titled Tuesday Blitz"]
[Site "Chess.com"]
[Date "2021.03.09"]
[Round "1"]
[White "Faqade"]
[Black "DinaBelenkaya"]
[Result "1-0"]
[WhiteElo "2631"]
[BlackElo "2330"]
[TimeControl "180+1"]
[EndTime "10:06:29 PST"]
[Termination "Faqade won by resignation"]

1. e4 d5 2. exd5 Qxd5 3. Nc3 Qa5 4. d4 Nf6 5. Nf3 c6 6. Bc4 Bf5 7. Bd2 Qb6 8. Bb3 e6 9. O-O Be7 10. Be3 Qc7 11. h3 Nbd7 12. Nh4 Bg6 13. Nxg6 hxg6 14. Qf3 O-O-O 15. Ne4 Nxe4 16. Qxe4 g5 17. c3 Rh4 18. f4 g4 19. Bf2 Rh6 20. hxg4 Rdh8 21. Bg3 Bd6 22.
g5 Rh5 23. Rae1 f6 24. gxf6 gxf6 25. Qxe6 Rh1+ 26. Kf2 Rxf1+ 27. Kxf1 Bxf4 28. Qe8+ Rxe8 29. Rxe8+ Qd8 30. Rxd8+ Kxd8 31. Bxf4 1-0

[Event "*** Titled Tuesday Blitz"]
[Site "Chess.com"]
[Date "2021.03.09"]
[Round "1"]
[White "kubal123"]
[Black "Brave_spirit12"]
[Result "1/2-1/2"]
[WhiteElo "2286"]
[BlackElo "2572"]
[TimeControl "180+1"]
[EndTime "10:06:29 PST"]
[Termination "Game drawn by repetition"]

1. d4 Nf6 2. Nf3 c5 3. d5 e6 4.
Nc3 exd5 5. Nxd5 Nc6 6. g3 d6 7.
Bg2 Be7 8. O-O O-O 9. Nxe7+ Qxe7 10. c4 Be6 11. b3 Rad8 12. Bb2 d5 13. cxd5 Nxd5 14.
Qc1 Bg4 15. Re1 Rfe8 16. a3 Bxf3 17. Bxf3 Nd4 18. Bxd4 cxd4 19. Qc4 Nc3 20. e3 Qf6 21. Kg2 d3 22. Rec1 Rc8 23. Qxd3 Red8 24. Qf1 b6 25. Qa6 Rc7 26. a4 g5 27. h3 h5 28.
Bxh5 Ne4 29. Bf3 Nd2 30. Rxc7 Qxf3+ 31. Kg1 Ne4 32. Qf1 Nxg3 33. fxg3 Qxg3+ 34. Qg2 Qxc7 35.
Qxg5+ Kf8 36. Qh6+ Ke8 37. Qh8+ Ke7 38. Qh4+ Ke6 39.
Qg4+ Kf6 40. Qh4+ Kg6 41. Rf1 Qe5 42. Qg4+ Kh6 43. Qh4+ Kg6 44. Qg4+ Kh6 45. Qh4+ Kg6 1/2-1/2

[Event "*** Titled Tuesday Blitz"]
[Site "Chess.com"]
[Date "2021.03.09"]
[Round "1"]
[White "RD4ever"]
[Black "anasta10"]
[Result "1-0"]
[WhiteElo "2905"]
[BlackElo "2462"]
[TimeControl "180+1"]
[EndTime "10:06:31 PST"]
[Termination "RD4ever won by resignation"]

1. d4 Nf6 2. c4 g6 3. Nc3 d5 4. Bg5 Ne4 5. Bh4 Nxc3 6. bxc3 Bg7 7. cxd5 Qxd5 8. e3 O-O 9. Bxe7 Re8 10. Ba3 Na6 11.
Nf3 Bg4 12. Be2 Qa5 13. Qc1 c5 14. O-O Rac8 15. Qb2 Rc7 16. h3 Bf5 17. Bxa6 Qxa6 18. Bxc5 b6 19. Bd6 Rc6 20. Be5 Bf8 21. a4 Qb7 22. Bg3 Rec8 23. Rfc1 Be4 24. Nd2 Bxg2 25.
Kxg2 Ba3 26. Qxa3 Rxc3+ 27. Nf3 Rxa3 28. Rxc8+ Qxc8 29. Rxa3 Qc6 30. Rd3 Qe4 31. Rd2 Qd5 32.
e4 Qxe4 33. d5 1-0

[Event "*** Titled Tuesday Blitz"]
[Site "Chess.com"]
[Date "2021.03.09"]
[Round "1"]
[White "FormerProdigy"]
[Black "bsnsun"]
[Result "1-0"]
[WhiteElo "2851"]
[BlackElo "2446"]
[TimeControl "180+1"]
[EndTime "10:06:31 PST"]
[Termination "FormerProdigy won by resignation"]

1. c4 Nf6 2. Nf3 e6 3. Nc3 d5 4. e3 dxc4 5. Bxc4 c5 6. O-O a6 7. b3 Nc6 8. Bb2 Be7 9. Rc1 O-O 10. d4 cxd4 11. exd4 b5 12. Bd3 Bb7 13. Bb1 Rc8 14. Re1 Nb4 15. Ne5 Nbd5 16. Nxd5 Qxd5 17. f3 Rfd8 18.
Qe2 Rxc1 19. Rxc1 Rc8 20. Rxc8+ Bxc8 21. Qc2 Qb7 22. Nc6 Kf8 23. Nxe7 Kxe7 24. Qc5+ Ke8 25. Ba3 Nd5 26. Qf8+ Kd7 27. Qxf7+ Kc6 28. Qxb7+ Bxb7 29. Bxh7 Nc3 30. h4 Nxa2 31. Bf8 a5 32. Bxg7 a4 33.
bxa4 bxa4 34. h5 Nc3 35. h6 Kd5 36. Be4+ Nxe4 37. fxe4+ Kc4 38. h7 a3 39. h8=Q 1-0

[Event "*** Titled Tuesday Blitz"]
[Site "Chess.com"]
[Date "2021.03.09"]
[Round "1"]
[White "GarciaIsaac"]
[Black "SimplyDevina"]
[Result "1-0"]
[WhiteElo "2523"]
[BlackElo "2181"]
[TimeControl "180+1"]
[EndTime "10:06:33 PST"]
[Termination "GarciaIsaac won by resignation"]

1. Nf3 d5 2. g3 Nf6 3. Bg2 g6 4. O-O Bg7 5. c4 c6 6. cxd5 cxd5 7.
d4 O-O 8. Ne5 Nc6 9. Nxc6 bxc6 10. Nc3 Re8 11. Bf4 Nh5 12. Be3 e5 13. dxe5 Bxe5 14.
Bd4 Qf6 15. Bxe5 Qxe5 16. e3 Ba6 17. Re1 Rab8 18. Qd2 Nf6 19. Rac1 Rec8 20. b3 Bb7 21. Na4 Qe7 22. Nc5 Ba8 23. Qd4 Nd7 24. Bh3 Nxc5 25. Rxc5 Re8 26. Rec1 Rbd8 27. Ra5 Qe4 28. Qxe4 dxe4 29.
Rxa7 Rd2 30. Bd7 Rd8 31. Bg4 f5 32. Bh3 c5 33. Bf1 Rd1 34. Rxd1 1-0

[Event "*** Titled Tuesday Blitz"]
[Site "Chess.com"]
[Date "2021.03.09"]
[Round "1"]
[White "Herman-NY"]
[Black "Elshan1985"]
[Result "0-1"]
[WhiteElo "2455"]
[BlackElo "2885"]
[TimeControl "180+1"]
[EndTime "10:06:34 PST"]
[Termination "Elshan1985 won on time"]

1. e4 c5 2. Nf3 d6 3. d4 cxd4 4. Nxd4 Nf6 5. Nc3 Nc6 6. Bc4 e6 7. Be3 a6 8. Qe2 Qc7 9. O-O-O Na5 10. Bd3 b5 11. f4 b4 12. Na4 Bd7 13. b3 Be7 14. g4 Bxa4 15. bxa4 d5 16. e5 Ne4 17. Bxe4 dxe4 18. Nb3 Nc4 19. Rd4 Nb6 20. a5 Nd5 21.
Bd2 e3 22. Bxe3 Nc3 23. Qc4 Qb7 24. Re1 Rc8 25. Qd3 Nb5 26. Rc4 O-O 27. Bb6 Na3 28. Rxc8 Rxc8 29. Re2 Qh1+ 30. Qd1 Qc6 31. Bd4 Qa4 32. Bb2 Nc4 33. Kb1 Rd8 34. Qh1 Nxa5 35.
Rd2 Rc8 36. Qb7 Nxb7 0-1

[Event "*** Titled Tuesday Blitz"]
[Site "Chess.com"]
[Date "2021.03.09"]
[Round "1"]
[White "Pilopa"]
[Black "svilson23"]
[Result "1-0"]
[WhiteElo "2556"]
[BlackElo "2250"]
[TimeControl "180+1"]
[EndTime "10:06:35 PST"]
[Termination "Pilopa won by resignation"]

1. d4 d5 2. c4 e6 3. Nf3 c6 4. Bg5 f6 5. Bd2 f5 6. Nc3 Nf6 7. Bf4 Be7 8. e3 Nbd7 9. Bd3 Ne4 10. Qc2 O-O 11. g4 Nxc3 12. bxc3 dxc4 13. Bxc4 Nb6 14. Bd3 Kh8 15. Ne5 Kg8 16. Rg1 Kh8 17. c4 Bb4+ 18.
Ke2 Nd7 19. Rg3 Nxe5 20. Bxe5 Bd6 21. gxf5 Bxe5 22. dxe5 exf5 23. Rag1 g6 24. f4 Be6 25. Rg5 b5 26. h4 bxc4 27. Bxc4 Bxc4+ 28. Qxc4 Qa5 29. h5 Rab8 30. hxg6 Rb2+ 31. Kf3 hxg6 32. Rh1+ Kg7 33. Rxg6+ Kxg6 34. Qe6+ 1-0

[Event "*** Titled Tuesday Blitz"]
[Site "Chess.com"]
[Date "2021.03.09"]
[Round "1"]
[White "WPWPWP-2015"]
[Black "SwitchOnTwitch"]
[Result "1-0"]
[WhiteElo "2504"]
[BlackElo "2089"]
[TimeControl "180+1"]
[EndTime "10:06:35 PST"]
[Termination "WPWPWP-2015 won by resignation"]

1. d4 c6 2. e4 d5 3. e5 c5 4. c4 e6 5. Nf3 cxd4 6. Nxd4 Nc6 7.
Nxc6 bxc6 8. cxd5 cxd5 9. Bd3 Bc5 10. Qg4 Kf8 11. O-O Ne7 12. Nd2 Ng6 13. Nf3 a5 14. h4 Ba6 15. Bxa6 Rxa6 16. h5 Ne7 17. h6 gxh6 18. Bxh6+ Ke8 19. Bg5 Rg8 20. Qh4 Kd7 21. Rac1 Rc6 22. Qa4 Qb6 23. Rc3 Bb4 24. Rb3 Qa6 25. Rc1 Rc8 26. Nd4 Nf5 27. Nxc6 Rxc6 28. a3 Nd4 29. Rxc6 Qxc6 30. Qxc6+ Kxc6 31. Rd3 Ne2+ 32. Kf1 1-0

[Event "*** Titled Tuesday Blitz"]
[Site "Chess.com"]
[Date "2021.03.09"]
[Round "1"]
[White "Chamal_Gedgafov"]
[Black "MatyChess1"]
[Result "0-1"]
[WhiteElo "2278"]
[BlackElo "2581"]
[TimeControl "180+1"]
[EndTime "10:06:36 PST"]
[Termination "MatyChess1 won on time"]

1. d4 d5 2. c4 e6 3. Nc3 Bb4 4. cxd5 exd5 5. Nf3 Nf6 6. Bg5 Qd6 7. e3 Ne4 8. Qc2 Qg6 9. Bd3 h6 10. Bh4 Bxc3+ 11. bxc3 Qxg2 12. Ke2 Qg6 13. Rhg1 Bg4 14. Rg3 Nxg3+ 15. Bxg3 Qh5 16. Qa4+ Nd7 17. Bb5 Bxf3+ 18. Kd2 c6 19. Bxc6 bxc6 20. Qxc6 O-O 21. Qxd7 Rac8 22. Qxa7 Qf5 23. Rg1 Ra8 0-1

[Event "*** Titled Tuesday Blitz"]
[Site "Chess.com"]
[Date "2021.03.09"]
[Round "1"]
[White "LamaChampetre"]
[Black "atwalcb"]
[Result "0-1"]
[WhiteElo "2210"]
[BlackElo "2538"]
[TimeControl "180+1"]
[EndTime "10:06:36 PST"]
[Termination "atwalcb won by resignation"]

1. d4 d6 2. Nf3 Bg4 3. g3 Bxf3 4. exf3 c6 5. Bg2 g6 6. f4 Bg7 7. c3 Nf6 8. Be3 d5 9. Nd2 O-O 10. g4 Nbd7 11. g5 Ne8 12. h4 Nd6 13. h5 Nf5 14. Qg4 Re8 15. Qh3 Nf8 16. Nf3 Rc8 17. Nh4 e6 18.
hxg6 fxg6 19. Bf3 b6 20. Bg4 c5 21. Bxf5 exf5 22. O-O cxd4 23. cxd4 Qe7 24. Nf3 Qe4 25. Ne5 Bxe5 26. dxe5 Ne6 27. Qg2 Nxf4 28. Qxe4 Ne2+ 29. Kg2 dxe4 30. Rfe1 f4 31. f3 Rc2 32. Kf1 Ng3+ 33.
Kg1 fxe3 0-1

[Event "*** Titled Tuesday Blitz"]
[Site "Chess.com"]
[Date "2021.03.09"]
[Round "1"]
[White "igorkovalenko"]
[Black "erdni1993"]
[Result "0-1"]
[WhiteElo "2937"]
[BlackElo "2490"]
[TimeControl "180+1"]
[EndTime "10:06:37 PST"]
[Termination "erdni1993 won by resignation"]

1. e4 c5 2. Nc3 e6 3. g3 d6 4. Bg2 Nc6 5. d3 g6 6. Be3 Bg7 7. Qd2 Rb8 8. Nh3 b5 9. O-O b4 10. Nd1 Nge7 11. Bh6 O-O 12. Bxg7 Kxg7 13. Ne3 f5 14. exf5 exf5 15. Nf4 Qe8 16. Rae1 Qf7 17. Ned5 Re8 18. Nc7 Rg8 19. c3 Ne5 20. d4 bxc3 21.
bxc3 cxd4 22. cxd4 Nc4 23. Qc3 d5 24. Rxe7 Qxe7 25.
Ncxd5 Qd6 26. Qxc4 Ba6 27. Qa4 Bxf1 28. Bxf1 Rb1 29.
Qxa7+ Kh8 30. Kg2 Qc6 31. Be2 Rb7 32. Qa4 Qxa4 0-1

[Event "*** Titled Tuesday Blitz"]
[Site "Chess.com"]
[Date "2021.03.09"]
[Round "1"]
[White "FMJoseHerrera"]
[Black "david_alex"]
[Result "1-0"]
[WhiteElo "2502"]
[BlackElo "2072"]
[TimeControl "180+1"]
[EndTime "10:06:37 PST"]
[Termination "FMJoseHerrera won by resignation"]

1. Nf3 Nf6 2. g3 e6 3. Bg2 d5 4. O-O Be7 5. d3 O-O 6. c3 c5 7. a3 Nc6 8. b4 b6 9. Nbd2 Qc7 10. Bb2 Bb7 11. Qb3 Rad8 12. Rfe1 e5 13. e4 dxe4 14.
dxe4 Rd3 15. Nc4 b5 16. Ne3 c4 17. Qc2 Rfd8 18. a4 a6 19. axb5 axb5 20. Nd5 Nxd5 21. exd5 R8xd5 22. Re2 Bf6 23. Nd2 Rd8 24. Ne4 Qe7 25. Nc5 R3d6 26. h3 Qc7 27. Bc1 Ne7 28. Nxb7 Nd5 29. Nxd6 Rxd6 30. Bxd5 Rxd5 31. Ra8+ Rd8 32.
Rxd8+ Qxd8 33. Be3 1-0

[Event "*** Titled Tuesday Blitz"]
[Site "Chess.com"]
[Date "2021.03.09"]
[Round "1"]
[White "Rap_woyska"]
[Black "Konavets"]
[Result "1-0"]
[WhiteElo "2486"]
[BlackElo "2914"]
[TimeControl "180+1"]
[EndTime "10:06:38 PST"]
[Termination "Rap_woyska won by resignation"]

1. c4 Nf6 2. Nc3 e6 3. e4 c5 4. e5 Ng8 5. d4 cxd4 6. Qxd4 Nc6 7. Qf4 d6 8. Nf3 Nge7 9. exd6 Ng6 10. Qe4 Bxd6 11.
Be3 O-O 12. O-O-O Qe7 13. h4 f5 14. Qc2 Bb4 15. a3 Ba5 16. Nb5 a6 17. Nd6 Rd8 18. Bg5 Qf8 19. Bxd8 Bxd8 20. h5 Nge5 21. Nxe5 Nxe5 22.
f4 Nc6 23. c5 Bf6 24. Bc4 Bd7 25. Nxb7 Nd4 26. Qf2 Rb8 27. Rxd4 Bxd4 28. Qxd4 Rxb7 29. h6 gxh6 30. Rh3 Kf7 31. Rg3 Rc7 32. b4 Ke8 33. Qe5 Rc6 34. Rg7 Kd8 35. Rxh7 Kc8 36. Rh8 1-0

[Event "*** Titled Tuesday Blitz"]
[Site "Chess.com"]
[Date "2021.03.09"]
[Round "1"]
[White "ChronicUnhappiness"]
[Black "jposthuma"]
[Result "0-1"]
[WhiteElo "2349"]
[BlackElo "2656"]
[TimeControl "180+1"]
[EndTime "10:06:38 PST"]
[Termination "jposthuma won on time"]

1. c4 Nf6 2. Nc3 c5 3. Nf3 g6 4. e3 Bg7 5. d4 cxd4 6. exd4 d5 7. cxd5 Nxd5 8. Qb3 Nb6 9. Bb5+ Bd7 10. O-O O-O 11.
Bg5 Bxb5 12. Qxb5 Nc6 13. d5 Bxc3 14. dxc6 bxc6 15. Qxc6 Bxb2 16. Rad1 Qe8 17. Qb7 e6 18. Be7 Qc8 19. Qe4 Re8 20. Bd6 Qc4 21. Qe3 Nd5 22. Qh6 Bg7 23. Qh3 Rad8 24. Be5 Nf4 25. Bxf4 Qxf4 0-1

[Event "*** Titled Tuesday Blitz"]
[Site "Chess.com"]
[Date "2021.03.09"]
[Round "1"]
[White "lacafi"]
[Black "Shuvalov"]
[Result "0-1"]
[WhiteElo "2135"]
[BlackElo "2513"]
[TimeControl "180+1"]
[EndTime "10:06:38 PST"]
[Termination "Shuvalov won on time"]

1. d4 Nf6 2. Nf3 g6 3. c4 Bg7 4.
Nc3 d5 5. cxd5 Nxd5 6. e4 Nxc3 7.
bxc3 O-O 8. Be2 c5 9. Be3 b6 10. O-O Bb7 11. Qc2 Nd7 12. Rad1 cxd4 13. cxd4 Rc8 14.
Qb1 Nf6 15. d5 Qd7 16. Ne5 Qa4 17. Rd4 Qe8 18. f4 Nd7 19. Bb5 Rc7 20. Nxd7 Bxd4 21. Bxd4 Rxd7 22. Qe1 a6 23. Bxd7 Qxd7 24. Qh4 f6 25.
Bxb6 Qa4 26. f5 Bxd5 27. fxg6 hxg6 28. Bc5 Re8 29. Bxe7 Rxe7 30. Qxf6 Qxe4 31. Qf8+ Kh7 0-1

[Event "*** Titled Tuesday Blitz"]
[Site "Chess.com"]
[Date "2021.03.09"]
[Round "1"]
[White "Sychev_Klementy"]
[Black "Mihnea2017"]
[Result "1-0"]
[WhiteElo "2906"]
[BlackElo "2462"]
[TimeControl "180+1"]
[EndTime "10:06:40 PST"]
[Termination "Sychev_Klementy won by resignation"]

1. e4 c5 2. Nf3 Nc6 3. d4 cxd4 4. Nxd4 Nf6 5. Nc3 e5 6. Ndb5 d6 7. Nd5 Nxd5 8. exd5 Nb8 9. Qf3 a6 10. Qa3 Be7 11. Bg5 f6 12. Bd2 O-O 13. Bb4 Qd7 14. c4 b6 15. Nc3 a5 16. Nb5 Rd8 17. Bd3 Ba6 18. Bd2 Bxb5 19. cxb5 Qg4 20. O-O Nd7 21.
Be3 e4 22. f3 exf3 23. Rxf3 Ne5 24. Rh3 f5 25. Rf1 Rf8 26. Bxb6 g6 27. Rg3 Qh5 28.
Be3 Kh8 29. b6 Ng4 30. Rh3 Qxh3 31. Bd4+ Bf6 32. Bxf6+ Nxf6 33. gxh3 1-0

[Event "*** Titled Tuesday Blitz"]
[Site "Chess.com"]
[Date "2021.03.09"]
[Round "1"]
[White "Ekose"]
[Black "PawnEatingZombie"]
[Result "1-0"]
[WhiteElo "2543"]
[BlackElo "2231"]
[TimeControl "180+1"]
[EndTime "10:06:40 PST"]
[Termination "Ekose won on time"]

1. Nf3 d5 2. d4 e6 3. e3 Nf6 4.
Nbd2 Bd6 5. c3 O-O 6. Bd3 c5 7. O-O Nc6 8. dxc5 Bxc5 9. b4 Bd6 10. Bb2 a5 11. b5 Ne5 12. Nxe5 Bxe5 13. Nf3 Bd6 14.
c4 a4 15. Rc1 a3 16. Bd4 dxc4 17. Bxc4 Be7 18. Ne5 Qa5 19. Qb3 Qa4 20. Qxa4 Rxa4 21.
Bb3 Rb4 22. b6 Bd7 23. Nxd7 Nxd7 24. Rc7 Rd8 25. Rxb7 e5 26. Bc3 Rxb6 27. Rxb6 Nxb6 28.
Bxe5 Rd2 29. Bd4 Nd7 30. Rc1 Nf8 31. g3 h5 32. h4 Bd6 33. Rc6 Be7 34. Rc7 1-0

[Event "*** Titled Tuesday Blitz"]
[Site "Chess.com"]
[Date "2021.03.09"]
[Round "1"]
[White "Redzishchess"]
[Black "mikolka1985"]
[Result "0-1"]
[WhiteElo "2366"]
[BlackElo "2681"]
[TimeControl "180+1"]
[EndTime "10:06:41 PST"]
[Termination "mikolka1985 won by resignation"]

1. e4 e5 2. Nf3 Nc6 3. Bb5 a6 4. Ba4 Nf6 5. O-O Be7 6. d3 b5 7. Bb3 d6 8. h3 Na5 9. Nc3 c6 10. Be3 O-O 11. Qe2 Qc7 12. Nh2 d5 13. exd5 Nxb3 14. axb3 cxd5 15. Nxb5 Qb7 16. Na3 Re8 17. Bg5 Bd7 18. Rfe1 h6 19. Bxf6 Bxf6 20. Ng4 Bd8 21. Qf3 Bc7 22. Qg3 Re6 23. Re2 Rae8 24. Rae1 e4 25. Qe3 f5 26. Nh2 f4 27. Qd4 Bb6 28.
Qb4 Bxf2+ 29. Kxf2 Qxb4 0-1

[Event "*** Titled Tuesday Blitz"]
[Site "Chess.com"]
[Date "2021.03.09"]
[Round "1"]
[White "volunteers1998"]
[Black "JoachimMouhamad"]
[Result "0-1"]
[WhiteElo "2179"]
[BlackElo "2522"]
[TimeControl "180+1"]
[EndTime "10:06:41 PST"]
[Termination "JoachimMouhamad won by resignation"]

1. e4 e5 2. Nc3 Nf6 3. Bc4 Nxe4 4. Qh5 Nd6 5. Bb3 Be7 6. Qxe5 O-O 7. Nge2 Bf6 8. Qh5 c6 9. d4 g6 10. Qf3 Nf5 11. O-O d5 12. Bf4 Nxd4 13. Nxd4 Bxd4 14. Rfe1 Nd7 15. Re2 Re8 16. Bc7 Qxc7 17. Rxe8+ Kg7 18.
Rae1 Nf6 19. R8e7 Qd6 20. Nd1 Bg4 21. Qd3 Bb6 22. Rxb7 Bf5 23. Qg3 Qb4 24. Ree7 Rf8 25. c3 Qc5 26. Ne3 Bc8 27. Rbc7 Bxc7 28. Qxc7 Qb6 29. Qxb6 axb6 30. Rc7 Bd7 31. Kf1 Rc8 32. Rxc8 Bxc8 33. Ke2 Ba6+ 34. Ke1 Ne4 35. f3 Nc5 36. Bc2 f5 37. Kd2 Kf6 38. b4 Ne6 39. a4 Nf4 40. g3 Ne6 41. Bd3 Bb7 42. a5 bxa5 43. bxa5 Nc7 44.
c4 d4 45. Nc2 c5 46. Na3 Na6 47. Nb5 g5 48. Nd6 Bc6 49. Ke2 f4 50. gxf4 gxf4 51. Kf2 h5 52. Nf5 Nb4 53. Bf1 Kxf5 0-1

[Event "*** Titled Tuesday Blitz"]
[Site "Chess.com"]
[Date "2021.03.09"]
[Round "1"]
[White "Bodnar_Mykola"]
[Black "Mazanchenko_Dmitry"]
[Result "0-1"]
[WhiteElo "2495"]
[BlackElo "2139"]
[TimeControl "180+1"]
[EndTime "10:06:41 PST"]
[Termination "Mazanchenko_Dmitry won by resignation"]

1. d4 g6 2. c4 Bg7 3. Nc3 d6 4. e4 Nc6 5. Nf3 Bg4 6. d5 Nd4 7. Be3 e5 8. dxe6 Nxe6 9. h3 Bxf3 10. Qxf3 Ne7 11. Qd1 Bxc3+ 12. bxc3 O-O 13. Be2 f5 14. O-O fxe4 15. Qc2 Nf4 16. Bxf4 Rxf4 17. g3 Rf5 18. Qxe4 Re5 19. Qd3 Nf5 20. Bf3 c6 21. Rad1 Qf6 22. Be4 Rf8 23. Bxf5 Rxf5 24. Qxd6 Rxf2 25.
Qxf6 R2xf6 26. Rxf6 Rxf6 27. Kg2 Rf7 28. Rd8+ Kg7 29.
a4 Kf6 30. Ra8 a6 31. Kf3 Ke5+ 32. Ke3 Kd6 33. Kd4 Rf3 34. c5+ Kc7 35. Rh8 Rxg3 36.
Rxh7+ Kb8 37. a5 g5 38. Rh8+ Ka7 39. Kc4 g4 40. hxg4 Rxg4+ 41. Kb3 Rg1 42. Rh2 Kb8 43.
Rh8+ Kc7 44. Rh7+ Kc8 45. Rh8+ Kd7 46. Rh7+ Ke6 47. Rxb7 Rb1+ 48. Kc2 Rxb7 0-1

[Event "*** Titled Tuesday Blitz"]
[Site "Chess.com"]
[Date "2021.03.09"]
[Round "1"]
[White "Witik"]
[Black "Kaslask"]
[Result "0-1"]
[WhiteElo "2606"]
[BlackElo "2336"]
[TimeControl "180+1"]
[EndTime "10:06:42 PST"]
[Termination "Kaslask won on time"]

1. d4 Nf6 2. Bf4 e6 3. e3 b6 4. Nf3 Bb7 5. h3 Bd6 6. Bxd6 cxd6 7. c4 d5 8. Nc3 O-O 9. cxd5 Nxd5 10. Bd3 Nb4 11.
Be2 d5 12. O-O N4c6 13. Rc1 Nd7 14. Bd3 Qe7 15. a3 Rfc8 16. Qe2 Na5 17. Nd2 a6 18. b4 Nc6 19. Nf3 f5 20. Qb2 b5 21.
Nd2 Nb6 22. Nb3 Nc4 23. Qa1 Rf8 24. Nc5 Bc8 25. Bxc4 dxc4 26. Rfd1 Qf6 27. Qa2 f4 28. d5 fxe3 29. dxc6 exf2+ 30. Kh1 e5 31. Nd5 Qh4 32.
Kh2 Bxh3 33. gxh3 Rf3 34. Ne7+ Kh8 0-1

[Event "*** Titled Tuesday Blitz"]
[Site "Chess.com"]
[Date "2021.03.09"]
[Round "1"]
[White "dusanacns"]
[Black "Jan1401"]
[Result "0-1"]
[WhiteElo "2728"]
[BlackElo "2419"]
[TimeControl "180+1"]
[EndTime "10:06:43 PST"]
[Termination "Jan1401 won by resignation"]

1. Nf3 Nf6 2. g3 g6 3. Bg2 Bg7 4. O-O O-O 5. d3 d5 6. Nbd2 c5 7. e4 Nc6 8. Re1 dxe4 9. dxe4 Nd7 10. Nc4 b5 11. Ne3 Bb7 12. a4 a6 13. h4 Nde5 14.
Nxe5 Bxe5 15. c3 Qxd1 16. Rxd1 Rfd8 17. Bd2 Na5 18. Ng4 Nb3 19. Be3 Nxa1 20. Rxa1 Bg7 21. Bxc5 h5 22. Ne3 e6 23. Nf1 Bc6 24. a5 Rd3 25. Be3 Rad8 26. f3 Rd1 27. Rxd1 Rxd1 28. Kf2 Rb1 29. Bb6 0-1

[Event "*** Titled Tuesday Blitz"]
[Site "Chess.com"]
[Date "2021.03.09"]
[Round "1"]
[White "CSB7"]
[Black "VladimirBugayev"]
[Result "1-0"]
[WhiteElo "2588"]
[BlackElo "2284"]
[TimeControl "180+1"]
[EndTime "10:06:43 PST"]
[Termination "CSB7 won on time"]

1. d4 Nf6 2. Bf4 g6 3. Nc3 d5 4.
e3 c6 5. Be2 Bg7 6. h4 h5 7.
Nf3 Bg4 8. Ne5 Bf5 9. Qd2 Nfd7 10. Nd3 Bxd3 11. cxd3 e5 12. dxe5 Nxe5 13. d4 Ned7 14. O-O-O Nf6 15. Be5 Nbd7 16. f4 Qe7 17. Qc2 O-O 18.
Rdg1 c5 19. g4 hxg4 20. Bxg4 Nxg4 21. Rxg4 cxd4 22. exd4 Qe6 23. f5 Qc6 24. fxg6 f5 25. Bxg7 fxg4 26. Bxf8 Rxf8 27. h5 Qf6 28. Qg2 1-0

[Event "*** Titled Tuesday Blitz"]
[Site "Chess.com"]
[Date "2021.03.09"]
[Round "1"]
[White "aa175"]
[Black "Steegersee"]
[Result "1-0"]
[WhiteElo "2542"]
[BlackElo "2218"]
[TimeControl "180+1"]
[EndTime "10:06:43 PST"]
[Termination "aa175 won by checkmate"]

1. d4 Nf6 2. Nf3 e6 3. Bf4 d5 4. e3 Be7 5. Nbd2 O-O 6. Bd3 c5 7. c3 Nc6 8. Ne5 Nxe5 9. dxe5 Nd7 10. h4 f6 11. Nf3 fxe5 12. Nxe5 Nxe5 13. Bxe5 Bf6 14. Qh5 g6 15. Bxg6 hxg6 16. Qxg6+ Kh8 17. Qh6+ Kg8 18. Qg6+ Kh8 19. Qh5+ Kg7 20. Qg4+ Kf7 21. Qh5+ Ke7 22. Rh3 Bxe5 23. Qxe5 Kd7 24. Rg3 Kc6 25. Rg6 Qxh4 26. O-O-O Qe4 27. Qg3 Bd7 28. Rg4 Qf5 29.
e4 Qxf2 30. exd5+ exd5 31. Rg6+ Kb5 32. Qd3+ Ka5 33. b4+ Ka4 34. Ra6+ bxa6 35. Qxa6# 1-0

[Event "*** Titled Tuesday Blitz"]
[Site "Chess.com"]
[Date "2021.03.09"]
[Round "1"]
[White "turayev_shahruh17"]
[Black "Fandorine"]
[Result "0-1"]
[WhiteElo "2457"]
[BlackElo "2899"]
[TimeControl "180+1"]
[EndTime "10:06:44 PST"]
[Termination "Fandorine won by resignation"]

1. e4 c5 2. Nc3 d6 3. Bc4 Nc6 4. d3 g6 5. f4 Bg7 6. Nf3 Na5 7. Bb3 Nxb3 8. axb3 Nh6 9. O-O O-O 10.
Qe1 f5 11. e5 Nf7 12. e6 Nh8 13. Nd5 b6 14. Qh4 Re8 15. Re1 Bb7 16. c4 b5 17.
Bd2 b4 18. Re2 Bxd5 19. cxd5 Qb6 20. Ng5 h6 21. Nf7 Nxf7 22. exf7+ Kxf7 23. Rae1 Qb7 24. Kh1 Bf6 25. Qh3 Qxd5 26. Re3 h5 27. Rg3 a5 28.
Rge3 Qxb3 29. d4 Qxb2 30. Bc1 Qxd4 31. Qf3 a4 32. h3 a3 33. R3e2 a2 34. Bb2 a1=Q 35.
Rxa1 Rxa1+ 36. Kh2 Qg1+ 37. Kg3 Bxb2 38. Qd5+ 0-1

[Event "*** Titled Tuesday Blitz"]
[Site "Chess.com"]
[Date "2021.03.09"]
[Round "1"]
[White "davidkalashian"]
[Black "MasterMK73"]
[Result "1-0"]
[WhiteElo "2606"]
[BlackElo "2304"]
[TimeControl "180+1"]
[EndTime "10:06:44 PST"]
[Termination "davidkalashian won on time"]

1. d4 Nf6 2. c4 e6 3. Nf3 d5 4. Nc3 c6 5. Qd3 Nbd7 6. e4 dxe4 7. Nxe4 Bb4+ 8. Bd2 Bxd2+ 9. Nfxd2 O-O 10. O-O-O Qa5 11.
Kb1 Qc7 12. Qc2 b6 13. Bd3 Bb7 14. g4 g6 15. h4 Rad8 16. h5 e5 17. Ng5 Nb8 18.
hxg6 fxg6 19. Ne6 Qe7 20. Nxd8 Rxd8 21. dxe5 Qxe5 22. Bxg6 hxg6 23. Qxg6+ Kf8 24. Rh8+ Ke7 25. Qg7+ Ke6 26. Rxd8 c5 27. Qxb7 1-0